Map: Abyssal Reef LE

Players

omegabanana - Winner!

  • Race: Protoss Protoss
  • League: Gold
  • Spawn Location: 11:00

Teletubby

  • Race: Terran Terran
  • League: Master
  • Spawn Location: 5:00

VOD

https://go.twitch.tv/videos/186074637

Description

Time

  • Played on: Oct. 28, 2017, 1:20 p.m.
  • Length: 8:44
Show
View Real Time Build Order
Export as new Build Order

omegabanana Protoss - Winner!

Build Orders: 1 Gate Expand 

Get SALT Encoding   

  12  0:00  Probe (Chrono Boost)  
  13  0:11  Probe (Chrono Boost)  
  14  0:17  Pylon  
  14  0:22  Probe (Chrono Boost)  
  15  0:35  Probe (Chrono Boost)  
  16  0:38  Gateway  
  16  0:42  Assimilator  
  16  0:47  Probe (Chrono Boost)  
  17  0:57  Probe (Chrono Boost)  
  18  1:08  Probe (Chrono Boost)  
  19  1:21  Nexus  
  19  1:23  Probe (Chrono Boost)  
  20  1:33  Cybernetics Core  
  20  1:36  Probe (Chrono Boost)  
  21  1:41  Assimilator  
  22  1:47  Probe (Chrono Boost)  
  22  1:52  Pylon  
  22  1:57  Probe (Chrono Boost)  
  22  2:09  Warp Gate (Chrono Boost)  
  22  2:11  Adept (Chrono Boost), Mothership Core (Chrono Boost)  
  26  2:29  Probe (Chrono Boost)  
  28  2:37  Zealot (Chrono Boost)  
  28  2:39  Robotics Facility  
  29  2:45  Pylon  
  29  2:48  Probe  
  30  2:53  Probe  
  31  3:03  Stalker (Chrono Boost)  
  31  3:04  Probe  
  34  3:07  Probe  
  35  3:26  Gateway  
  35  3:28  Immortal (Chrono Boost)  
  35  3:29  Stalker  
  39  3:39  Probe  
  40  3:44  Probe  
  39  3:51  Probe  
  40  3:56  Gateway  
  41  4:09  Stalker  
  46  4:15  Pylon, Probe (Chrono Boost)  
  46  4:17  Probe (Chrono Boost)  
  48  4:20  Warp Prism (Chrono Boost)  
  46  4:25  Twilight Council  
  46  4:27  Probe (Chrono Boost)  
  46  4:28  Probe (Chrono Boost)  
  48  4:34  Stalker  
  48  4:37  Probe  
  51  4:39  Stalker  
  53  4:47  Probe  
  54  4:53  Probe  
  54  4:56  Observer (Chrono Boost)  
  56  5:01  Blink (Chrono Boost)  
  56  5:03  Probe  
  56  5:06  Assimilator  
  57  5:08  Assimilator, Probe  
  57  5:12  Adept x2, Pylon  
  62  5:22  Pylon  
  62  5:28  Probe  
  62  5:30  Observer, Probe  
  62  5:35  Forge  
  65  5:39  Nexus  
  65  5:42  Sentry x2  
  67  5:44  Probe  
  70  5:51  Observer  
  70  5:53  Probe  
  70  5:56  Probe  
  73  6:06  Probe  
  73  6:07  Gateway, Sentry  
  73  6:09  Probe  
  73  6:10  Gateway  
  77  6:13  Gateway  
  77  6:19  Pylon  
  77  6:22  Probe  
  77  6:25  Pylon  
  78  6:26  Protoss Ground Weapons Level 1 (Chrono Boost)  
  78  6:37  Probe  
  78  6:38  Pylon  
  79  6:41  Stalker x3  
  79  6:45  Resonating Glaives  
  85  6:49  Probe  
  85  6:51  Probe  
  85  6:53  Probe  
  88  6:56  Immortal (Chrono Boost)  
  88  7:01  Probe  
  93  7:06  Sentry  
  93  7:07  Stalker  
  93  7:08  Adept x2  
  95  7:16  Probe  
  95  7:17  Probe x2  
  98  7:22  Pylon  
  98  7:26  Probe  
  98  7:29  Gateway, Probe  
  100  7:31  Gateway  
  100  7:32  Pylon, Probe  
  101  7:40  Adept x2  
  101  7:41  Adept  
  107  7:45  Stalker x2  
  111  7:59  Immortal  
  111  8:03  Pylon  
  111  8:04  Pylon  
  115  8:10  Adept, Photon Cannon  
  115  8:11  Adept x3  
  123  8:13  Adept  
Show
View Real Time Build Order
Export as new Build Order

Teletubby Terran 

Build Orders: Cyclone Opening, MMM Bio 

Get SALT Encoding   

  12  0:01  SCV  
  13  0:13  SCV  
  14  0:17  Supply Depot  
  14  0:25  SCV  
  15  0:29  Refinery  
  15  0:39  SCV  
  16  0:46  Barracks  
  16  0:51  SCV  
  17  1:03  SCV  
  18  1:15  SCV  
  19  1:33  Marine, Orbital Command  
  19  1:38  Factory  
  20  1:51  Marine  
  21  1:56  Supply Depot  
  21  1:59  SCV  
  22  2:09  Marine  
  23  2:17  SCV  
  24  2:24  Cyclone  
  24  2:29  Barracks Reactor  
  28  2:37  SCV  
  28  2:47  Command Center  
  28  2:49  SCV  
  29  2:56  Barracks  
  29  2:58  Barracks  
  29  3:01  SCV  
  30  3:08  Supply Depot  
  29  3:25  SCV  
  29  3:26  Marine x2  
  29  3:42  SCV  
  29  3:43  Barracks Tech Lab  
  29  3:45  Barracks Tech Lab  
  27  3:50  Refinery, Marine x2  
  27  3:51  Engineering Bay  
  29  3:57  SCV  
  29  4:00  Orbital Command  
  30  4:05  Widow Mine  
  30  4:09  SCV  
  33  4:11  Marine x2  
  33  4:15  Stimpack  
  33  4:16  Marine x2  
  37  4:19  Combat Shields  
  37  4:22  SCV  
  38  4:25  SCV  
  38  4:31  Refinery  
  41  4:40  SCV x2  
  43  4:51  Marine, Marauder x2  
  46  4:52  Marine  
  46  4:54  Starport  
  46  4:59  SCV x2  
  47  5:04  Terran Infantry Weapons Level 1  
  47  5:09  Supply Depot  
  47  5:11  SCV  
  47  5:12  SCV  
  47  5:14  Marine x2  
  49  5:15  Marauder  
  53  5:25  Supply Depot, SCV  
  54  5:30  SCV  
  54  5:31  Marauder  
  54  5:33  Supply Depot  
  54  5:34  Starport Reactor  
  54  5:35  Marine x2  
  61  5:42  Marauder  
  61  5:43  SCV  
  61  5:45  Concussive Shells  
  61  5:48  SCV  
  63  5:51  Marine  
  63  5:54  Marine x2  
  66  6:03  SCV x2  
  67  6:10  Marauder x2  
  71  6:12  Marine x2  
  71  6:17  SCV x2  
  75  6:19  Supply Depot  
  75  6:23  Medivac  
  75  6:25  Refinery  
  77  6:31  Supply Depot  
  77  6:33  Supply Depot  
  77  6:35  Medivac, Marauder  
  77  6:36  Marauder  
  77  6:37  Marine  
  77  6:38  Marine  
  85  6:41  Factory Reactor  
  85  6:43  SCV x2  
  87  6:52  Barracks  
  87  6:53  Barracks  
  87  6:58  SCV x2  
  89  7:01  Marine x2  
  89  7:02  Marauder  
  89  7:11  Marauder  
  86  7:19  Medivac x2  
  86  7:36  Command Center  
  88  7:38  Marine x2  
  88  7:42  Marauder x2  
  88  7:43  Barracks Tech Lab  
  92  7:44  Barracks Reactor  
  87  7:59  Marine x2  
  87  8:00  Medivac x2  
  93  8:06  Fusion Core, Starport  
  93  8:07  Marauder x2  
  93  8:10  Marauder  
  99  8:16  Supply Depot  
  99  8:17  Supply Depot  
Tags
 
Add a new tag
Caveats
  • Supply blocks, unpowered buildings, or Contaminate may cause inaccurate times.
  • Supply counts are checked every 10 seconds.